 Dungeon Crawl Stone Soup version 0.30-a0-475-g03497ec522 (webtiles) character file.

Game seed: 11066915028622806902

82 holysushi the Grave Robber (level 4, 32/32 HPs)
             Began as a Gnoll Necromancer on Dec 21, 2022.
             Quit the game on level 3 of the Dungeon.
             The game lasted 00:05:15 (2514 turns).

holysushi the Grave Robber (Gnoll Necromancer)      Turns: 2514, Time: 00:05:16

Health: 32/32      AC:  2    Str:  7    XL:     4   Next: 43%
Magic:  11/11      EV: 13    Int: 15    God:
Gold:   111        SH:  0    Dex: 14    Spells: 12/13 levels left

rFire   . . .      SeeInvis .    n - +3 war axe
rCold   . . .      Faith    .    (no shield)
rNeg    . . .      Spirit   .    a - +0 robe
rPois   .          Reflect  .    (no helmet)
rElec   .          Harm     .    (no cloak)
rCorr   .          Rampage  .    (no gloves)
Will    .....                    (no boots)
Stlth   +++.......               (no amulet)
HPRegen 0.25/turn                (no ring)
MPRegen 0.12/turn                (no ring)

@: no status effects
A: fangs 1, strong nose, distributed training
a: no special abilities


You were on level 3 of the Dungeon.
You visited 1 branch of the dungeon, and saw 3 of its levels.

You collected 111 gold pieces.

Inventory:

Hand Weapons
 c - a +0 dagger
 n - a +3 war axe (weapon)
Armour
 a - a +0 robe (worn)
Scrolls
 g - 2 scrolls of noise {unknown}
 h - a scroll of enchant weapon {unknown}
 i - a scroll of fog {unknown}
 l - a scroll of magic mapping {unknown}
Potions
 b - a potion of magic
 d - a potion of attraction {unknown}
 e - a potion of degeneration {unknown}
 f - a potion of invisibility {unknown}
 j - 3 potions of lignification {unknown}
 k - 2 potions of flight {unknown}
 m - 2 potions of mutation {unknown}


   Skills:
 + Level 1.2 Fighting
 + Level 1.2 Short Blades
 + Level 1.2 Long Blades
 + Level 1.2 Axes
 + Level 1.2 Maces & Flails
 + Level 1.2 Polearms
 + Level 1.2 Staves
 + Level 1.2 Ranged Weapons
 + Level 1.2 Throwing
 + Level 1.2 Armour
 + Level 4.6 Dodging
 + Level 4.3 Stealth
 + Level 1.2 Shields
 + Level 1.2 Unarmed Combat
 + Level 5.1 Spellcasting
 + Level 1.0 Conjurations
 + Level 1.0 Hexes
 + Level 1.0 Summonings
 + Level 7.1 Necromancy
 + Level 1.0 Translocations
 + Level 1.0 Transmutations
 + Level 1.0 Fire Magic
 + Level 1.0 Ice Magic
 + Level 1.0 Air Magic
 + Level 1.0 Earth Magic
 + Level 1.0 Poison Magic
 + Level 1.3 Invocations
 + Level 1.2 Evocations


You had 12 spell levels left.
You knew the following spells:

 Your Spells              Type           Power      Damage    Failure   Level
a - Necrotise             Necr           100%       1d9       1%          1

Your spell library contained the following spells:

 Spells                   Type           Power      Damage    Failure   Level
 Vampiric Draining        Necr           25%        2d7       2%          3
 Animate Dead             Necr           25%        N/A       9%          4
 Foxfire                  Conj/Fire      24%        2x1d5     11%         1
 Agony                    Necr           25%        N/A       24%         5
 Fireball                 Conj/Fire      3%         3d4       96%         5
 Starburst                Conj/Fire      3%         6d3       100%        6


Dungeon Overview and Level Annotations

Branches:
Dungeon (3/15) Zot: 15471

Altars:
Kikubaaqudgha


Innate Abilities, Weirdness & Mutations

You have very sharp teeth.
Your uncanny sense of smell can sniff out nearby items.
Your experience applies equally to all skills.


Message History

The rat zombie bites you.
You slash the rat zombie!
You destroy the rat zombie!
No target in view!
No target in view!
m - 2 grey potions (gained 1)
There is a stone staircase leading down here.
Found a robe.
You see here a +0 robe.
Found a stone staircase leading up.
Found a ring mail.
A frilled lizard comes into view.
The frilled lizard hisses angrily.
A frilled lizard is nearby!
A frilled lizard is nearby!
A frilled lizard is nearby!
A hobgoblin comes into view.
The frilled lizard barely misses you.
You slash the frilled lizard!
You kill the frilled lizard!
You see here a +0 ring mail.
The helpless hobgoblin fails to defend itself.
You hit the hobgoblin. Your punch misses the hobgoblin.
The hobgoblin is severely wounded.
The hobgoblin hits you.
You hit the hobgoblin.
You kill the hobgoblin!
No target in view!
No target in view!
There is an ancient bone altar of Kikubaaqudgha here.
You kneel at the altar of Kikubaaqudgha.
You see here a +0 robe.
There is a stone staircase leading up here.
You see here a +0 ring mail.
There is a stone staircase leading up here.
There is a stone staircase leading up here.
(D) Dungeon
Where to? (Enter - D:3 @ (x,y), ? - help)
Okay, then.
Are you sure you want to abandon this character and quit the game? (Confirm with "yes".)

## ................ #.
.########.#..... ..
#.####.#....# #.......
..##.....##.##.# #....###
.........##.##.# #....##
.........##.##.# #.....#
#.....##.##.###.#...#
#........##.#....#..##
#....@................
#.##[#.######.........
#.#..#.# #.......#....
#.#..#.# #.####....#..
#...##.# #.....#......
####...######.........
#.#####.####....#.#......
#.......# #.##.......###
######### #[#####.##.#


There were no monsters in sight!

Vanquished Creatures
  2 adders (D:2)
  A worm (D:2)
  5 dart slugs
  2 bat zombies (D:3)
  5 endoplasms
  3 goblins
  4 hobgoblins
  2 quokkas (D:1)
  5 ball pythons
  5 bats
  3 frilled lizards
  8 kobolds
  3 rats (D:2)
  2 rat zombies (D:3)
50 creatures vanquished.

Notes
Turn   | Place    | Note
-------+----------+-------------------------------------------
     0 | D:1      | holysushi the Gnoll Necromancer began the quest for the
                  | Orb.
     0 | D:1      | Reached XP level 1. HP: 13/13 MP: 6/6
   226 | D:1      | Reached XP level 2. HP: 20/20 MP: 2/7
  1097 | D:2      | Reached skill level 5 in Spellcasting
  1097 | D:2      | Reached XP level 3. HP: 25/25 MP: 0/9
  1227 | D:2      | Reached skill level 1 in Invocations
  1324 | D:2      | Reached skill level 1 in Fighting
  1324 | D:2      | Reached skill level 1 in Short Blades
  1324 | D:2      | Reached skill level 1 in Long Blades
  1324 | D:2      | Reached skill level 1 in Axes
  1324 | D:2      | Reached skill level 1 in Maces & Flails
  1324 | D:2      | Reached skill level 1 in Polearms
  1324 | D:2      | Reached skill level 1 in Staves
  1324 | D:2      | Reached skill level 1 in Ranged Weapons
  1324 | D:2      | Reached skill level 1 in Throwing
  1324 | D:2      | Reached skill level 1 in Armour
  1324 | D:2      | Reached skill level 1 in Shields
  1324 | D:2      | Reached skill level 1 in Unarmed Combat
  1324 | D:2      | Reached skill level 1 in Evocations
  1632 | D:2      | Reached XP level 4. HP: 32/32 MP: 8/11
  2330 | D:3      | Reached skill level 1 in Conjurations
  2330 | D:3      | Reached skill level 1 in Hexes
  2330 | D:3      | Reached skill level 1 in Summonings
  2330 | D:3      | Reached skill level 1 in Translocations
  2330 | D:3      | Reached skill level 1 in Transmutations
  2330 | D:3      | Reached skill level 1 in Fire Magic
  2330 | D:3      | Reached skill level 1 in Ice Magic
  2330 | D:3      | Reached skill level 1 in Air Magic
  2330 | D:3      | Reached skill level 1 in Earth Magic
  2330 | D:3      | Reached skill level 1 in Poison Magic
  2336 | D:3      | Found an ancient bone altar of Kikubaaqudgha.
  2514 | D:3      | Quit the game

Illustrated notes

Levels and vault maps discovered:
D:1:      amcnicky_arrival_underground_garden, layout_loops_ring, serial_forest,
          infiniplex_forest_corner_2, infiniplex_forest_split,
          infiniplex_forest_corner_1, infiniplex_forest_end_2,
          infiniplex_forest_lined_corner, infiniplex_forest_clump_tiny,
          kennysheep_pointless_box, minmay_misc_feat_tiny
D:2:      layout_basic
D:3:      layout_basic, lemuel_zombie_altar_kikubaaqudgha, amcnicky_altar_gilded

Skill      XL: |  1  2  3  4 |
---------------+-------------+-----
Spellcasting   | 5 |  5.1
Invocations    | 1 |  1.3
Fighting       | 1 |  1.2
Short Blades   | 1 |  1.2
Long Blades    | 1 |  1.2
Axes           | 1 |  1.2
Maces & Flails | 1 |  1.2
Polearms       | 1 |  1.2
Staves         | 1 |  1.2
Ranged Weapons | 1 |  1.2
Throwing       | 1 |  1.2
Armour         | 1 |  1.2
Shields        | 1 |  1.2
Unarmed Combat | 1 |  1.2
Evocations     | 1 |  1.2
Conjurations   | 1 |  1.0
Hexes          | 1 |  1.0
Summonings     | 1 |  1.0
Translocations | 1 |  1.0
Transmutations | 1 |  1.0
Fire Magic     | 1 |  1.0
Ice Magic      | 1 |  1.0
Air Magic      | 1 |  1.0
Earth Magic    | 1 |  1.0
Poison Magic   | 1 |  1.0
Dodging        | |  4.6
Stealth        | |  4.3
Necromancy     | |  7.1

Action                   |  1- 3 |  4- 6 || total
-------------------------+-------+-------++-------
Melee: Unarmed           |     6 |       ||     6
       Bite              |     2 |     4 ||     6
       Dagger            |    13 |       ||    13
       War axe           |       |    33 ||    33
 Cast: Necrotise         |    61 |    15 ||    76
 Stab: Sleeping          |       |     2 ||     2
Armor: Robe              |     4 |     5 ||     9
Dodge: Dodged            |    22 |    26 ||    48

Table legend: (Time is in decaauts)
 A = Elapsed time spent in this place.
 B = Non-inter-level travel time spent in this place.
 C = Inter-level travel time spent in this place.
 D = Time resting spent in this place.
 E = Time spent auto-exploring this place.
 F = Levels seen in this place.
 G = Mean time per level.
                   A        B        C        D        E       F      G
               +--------+--------+--------+--------+--------+-----+--------+
         Total |   2528 |   2315 |    213 |    297 |   1497 |   3 |  842.7 |
       Dungeon |   2528 |   2315 |    213 |    297 |   1497 |   3 |  842.7 |
               +--------+--------+--------+--------+--------+-----+--------+

Top non-repeatable levels by time:
     D:1: 1053 daAuts
     D:2: 1005 daAuts
     D:3: 469 daAuts
